Senators vs Panthers

Created - September-19-13 at 17:50

Simulating a Pre-Season

Goals
1 2 3 T
Senators 0 2 1 3
Panthers 2 2 0 4
Shots
1 2 3 T
Senators 5 9 15 29
Panthers 9 10 4 23

1st period

1. Panthers , Jordan Staal 1 (Niklas Kronwall, Lubomir Visnovsky) at 3:23
2. Panthers , Bryan Bickell 2 (Luca Sbisa) at 13:23 (PP)

Penalties :
Tyson Strachan (FLA) for High sticking (Double Minor) at 6:53, Leo Komarov (OTT) for Roughing (Minor) at 11:54, Dion Phaneuf (OTT) for High sticking (Minor) at 15:38

2nd period

3. Panthers , Niklas Kronwall 1 (Viktor Stalberg, Matt Irwin) at 9:28 (PP)
4. Senators , David Clarkson 1 (Jared Cowen, Jerred Smithson) at 12:37
5. Panthers , Rich Peverley 3 (Viktor Stalberg, Brooks Laich) at 14:04
6. Senators , Leo Komarov 1 (Dion Phaneuf) at 19:51

Penalties :
James Neal (OTT) for Interference (Minor) at 7:48, Alexander Edler (OTT) for Hooking (Minor) at 16:38

3rd period

7. Senators , Logan Couture 5 (Sidney Crosby) at 15:59

Penalties :
Tyson Strachan (FLA) for Roughing (Minor) at 10:55, Jakob Silfverberg (OTT) for Holding (Minor) at 10:55

Goalie Stats

Carey Price (OTT), 6 saves from 6 shots - (1.000), 24:56 minutes
Robin Lehner (OTT), 13 saves from 17 shots - (0.765), L, 3-2-0, 34:04 minutes
Ben Bishop (FLA), 26 saves from 29 shots - (0.897), W, 2-6-1, 60:00 minutes

Players Stats for Senators

Player Name              G  A  P  +/- PIM S  H  SB GA TA FO     MP     PP MP  PK MP  
------------------------------------------------------------------------------------
Alexander Edler          0  0  0   0  2   2  2  2  0  0  0/0    23:33   1:54   3:37 
Brad Boyes               0  0  0  -1  0   1  0  1  0  0  0/0    18:43   2:05   0:46 
David Clarkson           1  0  1   1  0   1  3  0  0  0  1/2    10:29   0:00   0:43 
Dion Phaneuf             0  1  1  -1  2   0  3  1  0  0  0/0    17:44   2:05   0:00 
Dustin Byfuglien         0  0  0   0  0   0  2  2  0  0  0/0    19:39   1:54   0:21 
Jakob Silfverberg        0  0  0   1  2   2  2  1  0  0  0/0    18:11   0:00   0:00 
James Neal               0  0  0  -1  2   4  4  0  0  0  1/1    19:20   1:54   0:24 
Jan Hejda                0  0  0  -1  0   0  0  2  0  0  0/0    18:54   2:05   1:48 
Jared Cowen              0  1  1   2  0   1  1  0  0  0  0/0    12:29   0:00   1:21 
Jason Spezza             0  0  0  -1  0   1  0  1  0  0  11/22  20:09   2:05   2:13 
Jerred Smithson          0  1  1   1  0   0  1  0  0  0  2/3    19:08   2:05   4:30 
Jordan Leopold           0  0  0   2  0   1  0  0  0  0  0/0    11:08   0:00   0:00 
Leo Komarov              1  0  1   1  2   2  1  0  0  0  7/21   16:43   0:00   3:25 
Logan Couture            1  0  1   1  0   4  0  0  0  0  1/2    22:57   1:54   2:13 
Marc-Edouard Vlasic      0  0  0   0  0   0  0  0  0  0  0/0     9:50   0:00   5:08 
Matt Greene              0  0  0   0  0   0  0  1  0  0  0/0     6:41   0:00   1:59 
Sidney Crosby            0  1  1   1  0   8  1  0  0  0  12/23  21:38   1:54   0:00 
Steve Bernier            0  0  0   0  0   2  0  0  0  0  0/0     3:33   0:00   0:00 

Players Stats for Panthers

Player Name              G  A  P  +/- PIM S  H  SB GA TA FO     MP     PP MP  PK MP  
------------------------------------------------------------------------------------
Brooks Laich             0  1  1   1  0   0  2  0  0  0  7/13   17:07   0:00   1:33 
Bryan Bickell            1  0  1  -1  0   2  1  0  0  0  0/1    11:46   3:08   0:00 
Damien Brunner           0  0  0   1  0   3  2  1  0  0  0/1    20:51   2:17   0:00 
David Booth              0  0  0  -2  0   0  1  0  0  0  2/2     6:41   0:53   0:06 
Eric Fehr                0  0  0  -1  0   3  2  0  0  0  2/5    16:21   3:59   2:01 
Jiri Hudler              0  0  0   1  0   1  0  0  0  0  1/4    22:16   2:15   2:02 
Jordan Staal             1  0  1   1  0   3  3  0  0  0  10/18  17:17   0:00   0:00 
Lubomir Visnovsky        0  1  1   1  0   0  0  0  0  0  0/0    23:55   2:26   1:53 
Luca Sbisa               0  1  1  -1  0   0  1  1  0  0  0/0    20:46   3:13   1:47 
Matt Irwin               0  1  1  -1  0   0  2  1  0  0  0/0    12:08   1:04   0:27 
Matthew Lombardi         0  0  0  -1  0   1  0  0  0  0  10/14   8:38   0:00   0:00 
Niklas Kronwall          1  1  2   1  0   2  1  3  0  0  0/0    24:43   3:20   2:12 
Patrick Dwyer            0  0  0  -2  0   2  2  0  0  0  0/1     9:29   2:02   1:19 
Rich Peverley            1  0  1   1  0   2  0  1  0  0  3/4    18:26   3:08   0:00 
Scott Gomez              0  0  0  -2  0   0  0  0  0  0  3/10    6:39   0:00   0:57 
Tom Gilbert              0  0  0  -1  0   2  1  0  0  0  0/0    20:04   4:11   1:39 
Tyson Strachan           0  0  0  -1  6   1  4  2  0  0  0/0    18:22   0:00   0:00 
Viktor Stalberg          0  2  2   1  0   1  0  0  0  0  1/1    18:31   3:39   0:00 

3 Stars

1 - Niklas Kronwall (FLA)
2 - Jordan Staal (FLA)
3 - David Clarkson (OTT)

Power Play

Senators - 0 on 2 Attempt(s) - 0.00%
Panthers - 2 on 4 Attempt(s) - 50.00%

Penalty Kill

Senators - 2 on 4 Attempt(s) - 50.00% - Score 0 goal in Penalty Kill
Panthers - 2 on 2 Attempt(s) - 100.00% - Score 0 goal in Penalty Kill

Official

Referees : Jean Hebert and Dan O'Halloran
Linesman : Kiel Murchison and Derek Amell

Game Notes

Carey Price enters game at 14:04 of 2nd period

% Time on Ice - Senators

Lines # - Real PCT - Wanted PCT - Time Play
Normal Forward
1 - 39% - 40% - 18:12
2 - 32% - 30% - 14:58
3 - 21% - 20% - 9:46
4 - 8% - 10% - 3:33
Normal Defense
1 - 36% - 40% - 16:31
2 - 30% - 30% - 14:08
3 - 24% - 20% - 11:08
4 - 10% - 10% - 4:42
PP Forward
1 - 48% - 60% - 1:54
2 - 52% - 40% - 2:05
PP Defense
1 - 48% - 60% - 1:54
2 - 52% - 40% - 2:05
PK Forward
1 - 69% - 60% - 4:54
2 - 31% - 40% - 2:13
PK Defense
1 - 72% - 60% - 5:08
2 - 28% - 40% - 1:59
PK3 Forward
1 - 0% - 60%
2 - 0% - 40%
PK3 Defense
1 - 0% - 60%
2 - 0% - 40%
44 Forward
1 - 55% - 60% - 1:06
2 - 45% - 40% - 0:53
44 Defense
1 - 55% - 60% - 1:06
2 - 45% - 40% - 0:53
Last Minute Offensive  - 0:26
Last Minute Defensive  - 0:00
Total
Forward - 60:00
Defense - 60:00

% Time on Ice - Panthers

Lines # - Real PCT - Wanted PCT - Time Play
Normal Forward
1 - 37% - 40% - 17:17
2 - 32% - 30% - 14:52
3 - 19% - 20% - 8:38
4 - 12% - 10% - 5:42
Normal Defense
1 - 39% - 40% - 18:02
2 - 32% - 30% - 15:04
3 - 22% - 20% - 10:03
4 - 7% - 10% - 3:20
PP Forward
1 - 56% - 60% - 3:59
2 - 44% - 40% - 3:08
PP Defense
1 - 41% - 60% - 2:56
2 - 59% - 40% - 4:11
PK Forward
1 - 67% - 60% - 2:40
2 - 33% - 40% - 1:19
PK Defense
1 - 33% - 60% - 1:19
2 - 67% - 40% - 2:40
PK3 Forward
1 - 0% - 60%
2 - 0% - 40%
PK3 Defense
1 - 0% - 60%
2 - 0% - 40%
44 Forward
1 - 65% - 60% - 1:17
2 - 35% - 40% - 0:42
44 Defense
1 - 49% - 60% - 0:58
2 - 51% - 40% - 1:01
Last Minute Offensive  - 0:00
Last Minute Defensive  - 0:26
Total
Forward - 60:00
Defense - 60:00

Play by Play

1st period


0:01 of 1st period - Jordan Staal wins face-off versus Sidney Crosby in neutral zone.
0:36 of 1st period - Shot by Jordan Staal.
0:36 of 1st period - Shot Blocked by Jakob Silfverberg.
0:55 of 1st period - Viktor Stalberg is hit by Jakob Silfverberg and loses puck.
1:05 of 1st period - Rich Peverley is hit by Alexander Edler and loses puck.
1:12 of 1st period - Shot by Luca Sbisa.
1:12 of 1st period - Shot Misses the Net.
1:14 of 1st period - Shot by Tyson Strachan.
1:14 of 1st period - Stopped by Robin Lehner without a rebound.
1:15 of 1st period - Jason Spezza wins face-off versus Matthew Lombardi in Senators zone.
1:38 of 1st period - Icing by Matt Irwin.
1:39 of 1st period - Leo Komarov wins face-off versus Matthew Lombardi in Panthers zone.
1:39 of 1st period - Leo Komarov is hit by Matt Irwin.
1:47 of 1st period - Shot by Jared Cowen.
1:47 of 1st period - Shot Misses the Net.
2:37 of 1st period - Shot by Brooks Laich.
2:37 of 1st period - Shot Misses the Net.
2:39 of 1st period - Shot by Brooks Laich.
2:39 of 1st period - Shot Hit the Post.
3:23 of 1st period - Shot by Jordan Staal.
3:23 of 1st period - Goal by Jordan Staal - Senators : 0 - Panthers : 1.
3:24 of 1st period - Sidney Crosby wins face-off versus Scott Gomez in neutral zone.
3:24 of 1st period - Marc-Edouard Vlasic is hit by Patrick Dwyer and loses puck.
4:29 of 1st period - Shot by Jordan Staal.
4:29 of 1st period - Deflect By Jiri Hudler.
4:29 of 1st period - Shot Misses the Net.
4:32 of 1st period - Icing by Dustin Byfuglien.
4:33 of 1st period - Rich Peverley wins face-off versus Jason Spezza in Senators zone.
4:33 of 1st period - Rich Peverley is hit by Dustin Byfuglien.
5:25 of 1st period - Tom Gilbert is hit by James Neal and loses puck.
6:02 of 1st period - Steve Bernier is hit by Jordan Staal and loses puck.
6:28 of 1st period - Off-side.
6:29 of 1st period - David Booth wins face-off versus Sidney Crosby in neutral zone.
6:49 of 1st period - Icing by Tyson Strachan.
6:50 of 1st period - Jason Spezza wins face-off versus Scott Gomez in Panthers zone.
6:50 of 1st period - Jason Spezza is hit by Tyson Strachan.
6:53 of 1st period - Double Minor Penalty to Tyson Strachan for High sticking.
6:54 of 1st period - Sidney Crosby wins face-off versus Jiri Hudler in Panthers zone.
7:17 of 1st period - Shot by Logan Couture.
7:17 of 1st period - Shot Misses the Net.
7:19 of 1st period - Shot by Sidney Crosby.
7:19 of 1st period - Stopped by Ben Bishop without a rebound.
7:20 of 1st period - Jason Spezza wins face-off versus Jiri Hudler in Panthers zone.
8:44 of 1st period - Shot by Alexander Edler.
8:44 of 1st period - Shot Misses the Net.
8:46 of 1st period - Shot by Logan Couture.
8:46 of 1st period - Shot Blocked by Niklas Kronwall.
9:06 of 1st period - Shot by Sidney Crosby.
9:06 of 1st period - Shot Blocked by Niklas Kronwall.
9:10 of 1st period - Shot by Alexander Edler.
9:10 of 1st period - Stopped by Ben Bishop without a rebound.
9:11 of 1st period - Sidney Crosby wins face-off versus Brooks Laich in Panthers zone.
9:26 of 1st period - Shot by Alexander Edler.
9:26 of 1st period - Shot Misses the Net.
10:44 of 1st period - Off-side.
10:45 of 1st period - Sidney Crosby wins face-off versus Scott Gomez in neutral zone.
10:58 of 1st period - Shot by Jakob Silfverberg.
10:58 of 1st period - Stopped by Ben Bishop without a rebound.
10:59 of 1st period - Sidney Crosby wins face-off versus Jordan Staal in Panthers zone.
11:08 of 1st period - Shot by Logan Couture.
11:08 of 1st period - Stopped by Ben Bishop without a rebound.
11:09 of 1st period - Brooks Laich wins face-off versus Leo Komarov in Panthers zone.
11:09 of 1st period - Brooks Laich is hit by David Clarkson.
11:44 of 1st period - Brooks Laich is hit by Jared Cowen and loses puck.
11:53 of 1st period - Viktor Stalberg is hit by David Clarkson and loses puck.
11:54 of 1st period - Minor Penalty to Leo Komarov for Roughing.
11:55 of 1st period - Jerred Smithson wins face-off versus Eric Fehr in Senators zone.
12:28 of 1st period - Shot by Tom Gilbert.
12:28 of 1st period - Shot Hit the Post.
12:30 of 1st period - Shot by Tom Gilbert.
12:30 of 1st period - Shot Blocked by Brad Boyes.
12:57 of 1st period - Shot by Bryan Bickell.
12:57 of 1st period - Stopped by Robin Lehner without a rebound.
12:58 of 1st period - Rich Peverley wins face-off versus David Clarkson in Senators zone.
13:21 of 1st period - Shot by Luca Sbisa.
13:21 of 1st period - Shot Blocked by Alexander Edler.
13:23 of 1st period - Shot by Bryan Bickell.
13:23 of 1st period - Goal by Bryan Bickell - Senators : 0 - Panthers : 2.
13:24 of 1st period - Sidney Crosby wins face-off versus Scott Gomez in neutral zone.
13:39 of 1st period - Shot by Sidney Crosby.
13:39 of 1st period - Stopped by Ben Bishop without a rebound.
13:40 of 1st period - Jason Spezza wins face-off versus Jordan Staal in Panthers zone.
14:06 of 1st period - Jason Spezza is hit by Tyson Strachan and loses puck.
14:18 of 1st period - Brad Boyes is hit by Luca Sbisa and loses puck.
14:24 of 1st period - Jason Spezza is hit by Tyson Strachan.
15:33 of 1st period - Shot by Viktor Stalberg.
15:33 of 1st period - Stopped by Robin Lehner with a rebound.
15:35 of 1st period - Shot by Niklas Kronwall.
15:35 of 1st period - Shot Misses the Net.
15:38 of 1st period - Minor Penalty to Dion Phaneuf for High sticking.
15:39 of 1st period - Eric Fehr wins face-off versus Leo Komarov in Senators zone.
15:50 of 1st period - Shot by Niklas Kronwall.
15:50 of 1st period - Stopped by Robin Lehner with a rebound.
16:29 of 1st period - Shot by Rich Peverley.
16:29 of 1st period - Deflect By Bryan Bickell.
16:29 of 1st period - Shot Misses the Net.
16:31 of 1st period - Shot by Tom Gilbert.
16:31 of 1st period - Shot Misses the Net.
16:33 of 1st period - Shot by Rich Peverley.
16:33 of 1st period - Stopped by Robin Lehner without a rebound.
16:34 of 1st period - Rich Peverley wins face-off versus Jason Spezza in Senators zone.
17:27 of 1st period - Shot by Damien Brunner.
17:27 of 1st period - Stopped by Robin Lehner without a rebound.
17:28 of 1st period - Leo Komarov wins face-off versus Eric Fehr in Senators zone.
17:59 of 1st period - Shot by Jason Spezza.
17:59 of 1st period - Shot Blocked by Luca Sbisa.
18:54 of 1st period - Shot by Eric Fehr.
18:54 of 1st period - Stopped by Robin Lehner with a rebound.
19:45 of 1st period - Shot by Jerred Smithson.
19:45 of 1st period - Shot Blocked by Rich Peverley.

2nd period


0:01 of 2nd period - Sidney Crosby wins face-off versus Jordan Staal in neutral zone.
0:01 of 2nd period - Sidney Crosby is hit by Damien Brunner.
0:33 of 2nd period - Shot by Sidney Crosby.
0:33 of 2nd period - Stopped by Ben Bishop without a rebound.
0:34 of 2nd period - Jason Spezza wins face-off versus Bryan Bickell in Panthers zone.
0:39 of 2nd period - Shot by Jason Spezza.
0:39 of 2nd period - Shot Misses the Net.
0:46 of 2nd period - Icing by Tyson Strachan.
0:47 of 2nd period - Matthew Lombardi wins face-off versus Leo Komarov in Panthers zone.
0:47 of 2nd period - Tom Gilbert is hit by David Clarkson and loses puck.
1:20 of 2nd period - Shot by David Clarkson.
1:20 of 2nd period - Shot Blocked by Tyson Strachan.
1:22 of 2nd period - Shot by Jared Cowen.
1:22 of 2nd period - Stopped by Ben Bishop without a rebound.
1:23 of 2nd period - Jiri Hudler wins face-off versus Sidney Crosby in Panthers zone.
1:30 of 2nd period - Shot by Alexander Edler.
1:30 of 2nd period - Stopped by Ben Bishop without a rebound.
1:31 of 2nd period - Sidney Crosby wins face-off versus Jordan Staal in Panthers zone.
1:32 of 2nd period - Shot by Jakob Silfverberg.
1:32 of 2nd period - Shot Blocked by Niklas Kronwall.
1:54 of 2nd period - Shot by Sidney Crosby.
1:54 of 2nd period - Stopped by Ben Bishop without a rebound.
1:55 of 2nd period - Brooks Laich wins face-off versus Jason Spezza in Panthers zone.
2:05 of 2nd period - Rich Peverley is hit by Dion Phaneuf.
2:13 of 2nd period - Shot by Rich Peverley.
2:13 of 2nd period - Shot Blocked by Dion Phaneuf.
2:36 of 2nd period - Icing by Dion Phaneuf.
2:37 of 2nd period - James Neal wins face-off versus Jordan Staal in Senators zone.
3:07 of 2nd period - Off-side.
3:08 of 2nd period - Matthew Lombardi wins face-off versus Leo Komarov in neutral zone.
3:12 of 2nd period - Matt Irwin is hit by Alexander Edler and loses puck.
3:21 of 2nd period - Eric Fehr is hit by Dustin Byfuglien and loses puck.
3:24 of 2nd period - Shot by Eric Fehr.
3:24 of 2nd period - Shot Misses the Net.
3:26 of 2nd period - Shot by Matthew Lombardi.
3:26 of 2nd period - Shot Blocked by Dustin Byfuglien.
3:28 of 2nd period - Shot by Tom Gilbert.
3:28 of 2nd period - Stopped by Robin Lehner without a rebound.
3:29 of 2nd period - Brooks Laich wins face-off versus Sidney Crosby in Senators zone.
4:23 of 2nd period - Off-side.
4:24 of 2nd period - Jordan Staal wins face-off versus Jason Spezza in neutral zone.
4:38 of 2nd period - Icing by Dustin Byfuglien.
4:39 of 2nd period - Matthew Lombardi wins face-off versus Jason Spezza in Senators zone.
4:44 of 2nd period - Shot by Eric Fehr.
4:44 of 2nd period - Stopped by Robin Lehner with a rebound.
4:52 of 2nd period - Shot by Eric Fehr.
4:52 of 2nd period - Shot Blocked by Alexander Edler.
5:00 of 2nd period - Brad Boyes is hit by Bryan Bickell and loses puck.
6:33 of 2nd period - Shot by Jared Cowen.
6:33 of 2nd period - Shot Misses the Net.
6:57 of 2nd period - Shot by Logan Couture.
6:57 of 2nd period - Stopped by Ben Bishop with a rebound.
6:59 of 2nd period - Shot by Logan Couture.
6:59 of 2nd period - Deflect By Sidney Crosby.
6:59 of 2nd period - Shot Misses the Net.
7:33 of 2nd period - Shot by Brooks Laich.
7:33 of 2nd period - Shot Blocked by Matt Greene.
7:48 of 2nd period - Minor Penalty to James Neal for Interference.
7:49 of 2nd period - Eric Fehr wins face-off versus Leo Komarov in Senators zone.
8:22 of 2nd period - Shot by Tom Gilbert.
8:22 of 2nd period - Shot Blocked by Jan Hejda.
8:24 of 2nd period - Shot by Tom Gilbert.
8:24 of 2nd period - Stopped by Robin Lehner without a rebound.
8:25 of 2nd period - Leo Komarov wins face-off versus Rich Peverley in Senators zone.
9:26 of 2nd period - Shot by Viktor Stalberg.
9:26 of 2nd period - Shot Misses the Net.
9:28 of 2nd period - Shot by Niklas Kronwall.
9:28 of 2nd period - Goal by Niklas Kronwall - Senators : 0 - Panthers : 3.
9:29 of 2nd period - Matthew Lombardi wins face-off versus Sidney Crosby in neutral zone.
9:52 of 2nd period - Shot by Matthew Lombardi.
9:52 of 2nd period - Shot Misses the Net.
9:54 of 2nd period - Shot by Matthew Lombardi.
9:54 of 2nd period - Shot Misses the Net.
9:56 of 2nd period - Shot by Tyson Strachan.
9:56 of 2nd period - Shot Misses the Net.
9:58 of 2nd period - Shot by Bryan Bickell.
9:58 of 2nd period - Shot Misses the Net.
10:16 of 2nd period - Icing by Matt Irwin.
10:17 of 2nd period - Scott Gomez wins face-off versus Jason Spezza in Panthers zone.
10:28 of 2nd period - Shot by Scott Gomez.
10:28 of 2nd period - Shot Misses the Net.
10:30 of 2nd period - Shot by David Booth.
10:30 of 2nd period - Shot Misses the Net.
10:36 of 2nd period - Shot by Patrick Dwyer.
10:36 of 2nd period - Stopped by Robin Lehner without a rebound.
10:37 of 2nd period - Jordan Staal wins face-off versus Jason Spezza in Senators zone.
11:18 of 2nd period - Shot by Damien Brunner.
11:18 of 2nd period - Stopped by Robin Lehner with a rebound.
11:20 of 2nd period - Shot by Tyson Strachan.
11:20 of 2nd period - Deflect By Jiri Hudler.
11:20 of 2nd period - Stopped by Robin Lehner with a rebound.
11:57 of 2nd period - Shot by Sidney Crosby.
11:57 of 2nd period - Stopped by Ben Bishop without a rebound.
11:58 of 2nd period - Matthew Lombardi wins face-off versus Leo Komarov in Panthers zone.
12:08 of 2nd period - Icing by Jordan Leopold.
12:09 of 2nd period - David Clarkson wins face-off versus Scott Gomez in Senators zone.
12:09 of 2nd period - Jordan Leopold is hit by David Booth and loses puck.
12:24 of 2nd period - Jordan Leopold is hit by Matt Irwin and loses puck.
12:30 of 2nd period - David Clarkson is hit by Tom Gilbert and loses puck.
12:35 of 2nd period - Shot by Jerred Smithson.
12:35 of 2nd period - Shot Blocked by Matt Irwin.
12:37 of 2nd period - Shot by Jared Cowen.
12:37 of 2nd period - Deflect By David Clarkson.
12:37 of 2nd period - Goal by David Clarkson - Senators : 1 - Panthers : 3.
12:38 of 2nd period - Jordan Staal wins face-off versus Sidney Crosby in neutral zone.
13:31 of 2nd period - Icing by Niklas Kronwall.
13:32 of 2nd period - Jordan Staal wins face-off versus Leo Komarov in Panthers zone.
13:38 of 2nd period - Jiri Hudler is hit by Dion Phaneuf.
13:59 of 2nd period - Brooks Laich is hit by Dion Phaneuf and loses puck.
14:02 of 2nd period - Shot by Brooks Laich.
14:02 of 2nd period - Deflect By Viktor Stalberg.
14:02 of 2nd period - Shot Misses the Net.
14:04 of 2nd period - Shot by Rich Peverley.
14:04 of 2nd period - Goal by Rich Peverley - Senators : 1 - Panthers : 4.
14:04 of 2nd period - Carey Price enters game.
14:05 of 2nd period - Matthew Lombardi wins face-off versus Jason Spezza in neutral zone.
14:05 of 2nd period - Matthew Lombardi is hit by James Neal.
14:39 of 2nd period - Shot by Eric Fehr.
14:39 of 2nd period - Shot Misses the Net.
14:45 of 2nd period - Shot by James Neal.
14:45 of 2nd period - Deflect By Jason Spezza.
14:45 of 2nd period - Shot Misses the Net.
14:47 of 2nd period - Shot by James Neal.
14:47 of 2nd period - Stopped by Ben Bishop without a rebound.
14:48 of 2nd period - Sidney Crosby wins face-off versus Brooks Laich in Panthers zone.
15:01 of 2nd period - Icing by Dustin Byfuglien.
15:02 of 2nd period - Jordan Staal wins face-off versus Sidney Crosby in Senators zone.
15:19 of 2nd period - Shot by Jordan Staal.
15:19 of 2nd period - Stopped by Carey Price with a rebound.
15:21 of 2nd period - Shot by Damien Brunner.
15:21 of 2nd period - Stopped by Carey Price without a rebound.
15:22 of 2nd period - Leo Komarov wins face-off versus Brooks Laich in Senators zone.
15:49 of 2nd period - Shot by Luca Sbisa.
15:49 of 2nd period - Shot Misses the Net.
16:19 of 2nd period - Icing by Dion Phaneuf.
16:20 of 2nd period - Leo Komarov wins face-off versus Jordan Staal in Senators zone.
16:20 of 2nd period - Leo Komarov is hit by Jordan Staal.
16:38 of 2nd period - Minor Penalty to Alexander Edler for Hooking.
16:39 of 2nd period - Jason Spezza wins face-off versus Damien Brunner in Senators zone.
16:54 of 2nd period - Jared Cowen is hit by Eric Fehr and loses puck.
17:59 of 2nd period - Shot by Tom Gilbert.
17:59 of 2nd period - Shot Blocked by Jason Spezza.
18:31 of 2nd period - Shot by Patrick Dwyer.
18:31 of 2nd period - Shot Blocked by Jan Hejda.
18:51 of 2nd period - Shot by Scott Gomez.
18:51 of 2nd period - Shot Blocked by Dustin Byfuglien.
19:34 of 2nd period - Icing by David Booth.
19:35 of 2nd period - Scott Gomez wins face-off versus Leo Komarov in Panthers zone.
19:35 of 2nd period - Scott Gomez is hit by Jerred Smithson.
19:51 of 2nd period - Shot by Leo Komarov.
19:51 of 2nd period - Goal by Leo Komarov - Senators : 2 - Panthers : 4.
19:52 of 2nd period - Viktor Stalberg wins face-off versus Jason Spezza in neutral zone.

3rd period


0:01 of 3rd period - Jordan Staal wins face-off versus Sidney Crosby in neutral zone.
0:12 of 3rd period - Shot by Jordan Staal.
0:12 of 3rd period - Stopped by Carey Price without a rebound.
0:13 of 3rd period - Jason Spezza wins face-off versus Brooks Laich in Senators zone.
1:28 of 3rd period - Icing by Dion Phaneuf.
1:29 of 3rd period - Jason Spezza wins face-off versus Matthew Lombardi in Senators zone.
1:44 of 3rd period - Icing by Bryan Bickell.
1:45 of 3rd period - Matthew Lombardi wins face-off versus Sidney Crosby in Panthers zone.
2:03 of 3rd period - Shot by Matt Irwin.
2:03 of 3rd period - Shot Misses the Net.
2:05 of 3rd period - Shot by Bryan Bickell.
2:05 of 3rd period - Shot Misses the Net.
2:11 of 3rd period - Shot by Matt Irwin.
2:11 of 3rd period - Shot Misses the Net.
2:13 of 3rd period - Shot by Bryan Bickell.
2:13 of 3rd period - Deflect By Matthew Lombardi.
2:13 of 3rd period - Stopped by Carey Price without a rebound.
2:14 of 3rd period - Jordan Staal wins face-off versus Jerred Smithson in Senators zone.
2:20 of 3rd period - Icing by Jordan Leopold.
2:21 of 3rd period - Jordan Staal wins face-off versus Leo Komarov in Senators zone.
2:39 of 3rd period - Icing by Jared Cowen.
2:40 of 3rd period - Leo Komarov wins face-off versus Brooks Laich in Senators zone.
4:35 of 3rd period - Icing by Matt Irwin.
4:36 of 3rd period - Matthew Lombardi wins face-off versus Jason Spezza in Panthers zone.
5:05 of 3rd period - Shot by James Neal.
5:05 of 3rd period - Stopped by Ben Bishop without a rebound.
5:06 of 3rd period - Leo Komarov wins face-off versus Brooks Laich in Panthers zone.
5:13 of 3rd period - Shot by Steve Bernier.
5:13 of 3rd period - Stopped by Ben Bishop without a rebound.
5:14 of 3rd period - Brooks Laich wins face-off versus Leo Komarov in Panthers zone.
5:36 of 3rd period - Off-side.
5:37 of 3rd period - Jason Spezza wins face-off versus Jordan Staal in neutral zone.
5:45 of 3rd period - Shot by Brad Boyes.
5:45 of 3rd period - Deflect By James Neal.
5:45 of 3rd period - Stopped by Ben Bishop without a rebound.
5:46 of 3rd period - Jordan Staal wins face-off versus Logan Couture in Panthers zone.
6:40 of 3rd period - Sidney Crosby is hit by Brooks Laich and loses puck.
6:49 of 3rd period - Luca Sbisa is hit by Jakob Silfverberg and loses puck.
7:18 of 3rd period - Shot by Jason Spezza.
7:18 of 3rd period - Shot Misses the Net.
7:30 of 3rd period - Shot by James Neal.
7:30 of 3rd period - Shot Misses the Net.
7:32 of 3rd period - Shot by James Neal.
7:32 of 3rd period - Deflect By Jason Spezza.
7:32 of 3rd period - Stopped by Ben Bishop without a rebound.
7:33 of 3rd period - Matthew Lombardi wins face-off versus Leo Komarov in Panthers zone.
8:46 of 3rd period - Shot by Jason Spezza.
8:46 of 3rd period - Deflect By Brad Boyes.
8:46 of 3rd period - Stopped by Ben Bishop with a rebound.
9:29 of 3rd period - Shot by Sidney Crosby.
9:29 of 3rd period - Stopped by Ben Bishop with a rebound.
9:31 of 3rd period - Shot by Dustin Byfuglien.
9:31 of 3rd period - Shot Blocked by Tyson Strachan.
9:33 of 3rd period - Shot by Sidney Crosby.
9:33 of 3rd period - Stopped by Ben Bishop with a rebound.
9:35 of 3rd period - Shot by Dustin Byfuglien.
9:35 of 3rd period - Shot Misses the Net.
9:37 of 3rd period - Shot by Logan Couture.
9:37 of 3rd period - Stopped by Ben Bishop with a rebound.
9:47 of 3rd period - Shot by Jakob Silfverberg.
9:47 of 3rd period - Stopped by Ben Bishop without a rebound.
9:48 of 3rd period - Scott Gomez wins face-off versus Leo Komarov in Panthers zone.
10:10 of 3rd period - Off-side.
10:11 of 3rd period - Brooks Laich wins face-off versus Jason Spezza in neutral zone.
10:11 of 3rd period - Brooks Laich is hit by James Neal.
10:15 of 3rd period - Jordan Leopold is hit by Brooks Laich and loses puck.
10:25 of 3rd period - James Neal is hit by Tyson Strachan and loses puck.
10:38 of 3rd period - Shot by Jason Spezza.
10:38 of 3rd period - Shot Misses the Net.
10:55 of 3rd period - Minor Penalty to Tyson Strachan for Roughing.
10:55 of 3rd period - Minor Penalty to Jakob Silfverberg for Holding.
10:56 of 3rd period - Sidney Crosby wins face-off versus Eric Fehr in Panthers zone.
11:03 of 3rd period - Shot by Sidney Crosby.
11:03 of 3rd period - Shot Misses the Net.
11:09 of 3rd period - Sidney Crosby is hit by Damien Brunner.
11:48 of 3rd period - Dion Phaneuf is hit by Eric Fehr and loses puck.
12:23 of 3rd period - Shot by Brooks Laich.
12:23 of 3rd period - Shot Misses the Net.
12:49 of 3rd period - Shot by Tom Gilbert.
12:49 of 3rd period - Shot Misses the Net.
12:55 of 3rd period - Shot by Damien Brunner.
12:55 of 3rd period - Shot Misses the Net.
13:04 of 3rd period - Off-side.
13:05 of 3rd period - David Booth wins face-off versus Leo Komarov in neutral zone.
13:17 of 3rd period - David Booth is hit by Leo Komarov and loses puck.
13:26 of 3rd period - Shot by Leo Komarov.
13:26 of 3rd period - Deflect By Steve Bernier.
13:26 of 3rd period - Stopped by Ben Bishop without a rebound.
13:27 of 3rd period - Brooks Laich wins face-off versus Sidney Crosby in Panthers zone.
13:27 of 3rd period - Brooks Laich is hit by Sidney Crosby.
15:47 of 3rd period - Shot by Eric Fehr.
15:47 of 3rd period - Stopped by Carey Price without a rebound.
15:48 of 3rd period - Logan Couture wins face-off versus Scott Gomez in Senators zone.
15:48 of 3rd period - Sidney Crosby is hit by Patrick Dwyer and loses puck.
15:57 of 3rd period - Shot by Sidney Crosby.
15:57 of 3rd period - Stopped by Ben Bishop without a rebound.
15:58 of 3rd period - Sidney Crosby wins face-off versus Matthew Lombardi in Panthers zone.
15:59 of 3rd period - Shot by Logan Couture.
15:59 of 3rd period - Goal by Logan Couture - Senators : 3 - Panthers : 4.
16:00 of 3rd period - Brooks Laich wins face-off versus Sidney Crosby in neutral zone.
17:23 of 3rd period - Logan Couture is hit by Niklas Kronwall.
17:45 of 3rd period - Off-side.
17:46 of 3rd period - Matthew Lombardi wins face-off versus Leo Komarov in neutral zone.
18:01 of 3rd period - Shot by Jordan Leopold.
18:01 of 3rd period - Stopped by Ben Bishop without a rebound.
18:02 of 3rd period - Jason Spezza wins face-off versus Scott Gomez in Panthers zone.
18:13 of 3rd period - Shot by Patrick Dwyer.
18:13 of 3rd period - Stopped by Carey Price without a rebound.
18:14 of 3rd period - Jerred Smithson wins face-off versus Jiri Hudler in Senators zone.
18:25 of 3rd period - Shot by Leo Komarov.
18:25 of 3rd period - Stopped by Ben Bishop with a rebound.
18:40 of 3rd period - David Clarkson is hit by Jordan Staal.
18:52 of 3rd period - Icing by Tyson Strachan.
18:53 of 3rd period - Jason Spezza wins face-off versus Jordan Staal in Panthers zone.
18:58 of 3rd period - Shot by Brad Boyes.
18:58 of 3rd period - Shot Blocked by Damien Brunner.
19:00 of 3rd period - Senators, Carey Price is pulled from the net.
19:33 of 3rd period - Shot by James Neal.
19:33 of 3rd period - Stopped by Ben Bishop without a rebound.
19:34 of 3rd period - Sidney Crosby wins face-off versus Patrick Dwyer in Panthers zone.
19:46 of 3rd period - Shot by Sidney Crosby.
19:46 of 3rd period - Shot Misses the Net.
19:57 of 3rd period - Patrick Dwyer is hit by James Neal and loses puck.


Output by the SimonT Hockey Simulator (STHS) for Stephane Roy -- Original Page W3C XHTML 1.0 Valid
Hockey Simulator - Hockey Simulation - Hockey Manager